 Dungeon Crawl Stone Soup version 0.29.1-15-g9cfb28693d (webtiles) character file.

Game seed: 365881923236003473

144 leetdood the Covered (level 5, -1/47 HPs)
             Began as a Minotaur Fighter on Mar 9, 2023.
             Killed from afar by an orc wizard (9 damage)
             ... with a puff of flame
             ... on level 3 of the Dungeon.
             The game lasted 00:16:06 (2491 turns).

leetdood the Covered (Minotaur Fighter)             Turns: 2491, Time: 00:16:07

Health: -1/47      AC:  7    Str: 22    XL:     5   Next: 5%
Magic:  4/4        EV:  9    Int: 11    God:
Gold:   124        SH:  4    Dex: 10    Spells: 4/4 levels left

rFire   . . .      SeeInvis .   a - +1 war axe
rCold   . . .      Faith    .   c - +0 buckler
rNeg    . . .      Spirit   .   b - +0 scale mail
rPois   .          Reflect  .   (helmet restricted)
rElec   .          Harm     .   (no cloak)
rCorr   .          Rampage  .   (no gloves)
Will    .....                   (no boots)
Stlth   ..........              (no amulet)
HPRegen 0.15/turn               f - +6 ring of intelligence
MPRegen 0.09/turn               (no ring)

@: no status effects
A: horns 2, retaliatory headbutt
a: no special abilities


You were on level 3 of the Dungeon.
You visited 1 branch of the dungeon, and saw 3 of its levels.

You collected 124 gold pieces.

Inventory:

Hand Weapons
 a - a +1 war axe (weapon)
 l - a +0 hand axe of electrocution
Armour
 b - a +0 scale mail (worn)
 c - a +0 buckler (worn)
Jewellery
 f - a +6 ring of intelligence (left hand)
Wands
 d - a wand of mindburst (10)
Scrolls
 i - a scroll of fear {unknown}
 j - a scroll of immolation {unknown}
Potions
 e - a potion of mutation
 g - 2 potions of magic
 h - a potion of brilliance
 k - 2 potions of curing


   Skills:
 + Level 4.4 Fighting
 * Level 4.4 Axes
 + Level 4.5 Armour
 + Level 4.4 Shields


You had 4 spell levels left.
You didn't know any spells.
Your spell library contained the following spells:

 Spells                   Type           Power      Damage    Failure   Level
 Fulminant Prism          Conj/Hex       0%         3d6       100%        4
 Iskenderun's Mystic Bla  Conj/Tloc      0%         2d3       100%        4
 Lee's Rapid Deconstruct  Erth           0%         3d5*      100%        5


Dungeon Overview and Level Annotations

Branches:
Dungeon (3/15)

Altars:


Innate Abilities, Weirdness & Mutations

You have a pair of horns on your head.
You reflexively headbutt those who attack you in melee.


Message History

You completely miss something.
You feel less confused. Something hits you but does no damage.
You closely miss something. You headbutt something.
You hear some strange, mumbled words.
Something tries to affect you, but you resist.
Something hits you.
You miss something.
You hear some strange, mumbled words.
Something tries to affect you, but you resist.
You miss something. Something hits you.
You barely miss something. Your headbutt misses something.
Something hits you but does no damage. x2
You barely miss something. Something hits you but does no damage.
You closely miss something. Something hits you but does no damage.
You slash something! Something hits you. Something hits you but does no damage.
You closely miss something. Your headbutt misses something.
Something hits you but does no damage.
You closely miss something. You block something's attack.
You miss something.
Something hits you but does no damage. x2
You barely miss something. Your headbutt misses something.
You hear some strange, mumbled words.
A magic dart appears from out of thin air!
The magic dart hits you!
* * * LOW HITPOINT WARNING * * *
You miss something. Your headbutt misses something. Something hits you.
* * * LOW HITPOINT WARNING * * *
Okay, then.
Aiming: Mindburst
Press: ? - help, Shift-Dir - straight line
Okay, then.
Aiming: Mindburst
Press: ? - help, Shift-Dir - straight line, f - you Nothing appears to happen.
Something hits you but does no damage.
You closely miss something. Something hits you.
* * * LOW HITPOINT WARNING * * *
You hear some strange, mumbled words.
A puff of flame appears from out of thin air!
The puff of flame hits you!
You die...

#..#.⌠.#..#
#..#...#..#..
#...###....##
#............
#.###)####### #.#
#†# #.# #.#
>.#####{###.#
.......@)...#
.....####........#
### #...######
#...# #.....
##..##. .... .
#####


There were no monsters in sight!

Vanquished Creatures
  A howler monkey (D:3)
  A gnoll (D:1)
  2 worms
  11 dart slugs
  2 orcs (D:3)
  4 endoplasms
  4 giant cockroaches
  7 goblins
  5 hobgoblins
  3 jackals (D:1)
  4 kobolds
  2 quokkas
  7 ball pythons (D:1)
  6 bats
  A frilled lizard (D:2)
  3 rats (D:1)
63 creatures vanquished.

Notes
Turn   | Place    | Note
-------+----------+-------------------------------------------
     0 | D:1      | leetdood the Minotaur Fighter began the quest for the Orb.
     0 | D:1      | Reached XP level 1. HP: 19/19 MP: 0/0
   238 | D:1      | Reached XP level 2. HP: 14/27 MP: 1/1
   467 | D:1      | Reached XP level 3. HP: 33/33 MP: 2/2
  2017 | D:2      | Reached XP level 4. HP: 40/40 MP: 3/3
  2179 | D:2      | Found a faded altar of an unknown god.
  2447 | D:3      | Reached XP level 5. HP: 47/47 MP: 4/4
  2491 | D:3      | Killed from afar by an orc wizard

Illustrated notes

Levels and vault maps discovered:
D:1:      saegor_arrival_simple_e, layout_basic
D:2:      layout_loops_ring, hellmonk_ecumenical_altar_inner_sanctum
D:3:      kennysheep_slugbush, layout_loops_ring,
          nicolae_overflow_two_pavilions, fountainhead, uniq_crazy_yiuf_cottage,
          uniq_sigmund

Skill      XL: |  1  2  3  4 |
---------------+-------------+-----
Axes           | 3 4 |  4.4
Armour         | 4 |  4.5
Shields        | 4 |  4.4
Fighting       | 4 |  4.4

Action                   |  1- 3 |  4- 6 || total
-------------------------+-------+-------++-------
Melee: War axe           |    83 |    60 ||   143
       Headbutt          |    11 |     9 ||    20
Evoke: Wand              |       |     1 ||     1
  Use: Potion            |     1 |       ||     1
       Scroll            |     4 |     3 ||     7
Armor: Scale mail        |    32 |    31 ||    63
Dodge: Dodged            |    26 |    20 ||    46
Block: Buckler           |    15 |    11 ||    26
